 Dungeon Crawl Stone Soup version 0.29.1-1-gd02db6906a (webtiles) character file.

Game seed: 1845981927817393671

60 gzilladon the Chopper (level 4, -2/41 HPs)
             Began as a Hill Orc Monk on Sept 23, 2022.
             Was a Believer of Beogh.
             Splashed by a jelly's acid (7 damage)
             ... on level 4 of the Dungeon.
             The game lasted 00:13:34 (3161 turns).

gzilladon the Chopper (Hill Orc Monk)               Turns: 3161, Time: 00:13:34

Health: -2/41      AC:  2    Str: 15    XL:     4   Next: 4%
Magic:  4/4        EV: 11    Int: 16    God:    Beogh [**....]
Gold:   82         SH:  0    Dex: 13    Spells: 3/3 levels left

rFire   . . .      SeeInvis +   a - +0 hand axe
rCold   . . .      Faith    .   (no shield)
rNeg    . . .      Spirit   .   s - +0 ring mail
rPois   .          Reflect  .   (no helmet)
rElec   .          Harm     .   (no cloak)
rCorr   .          Rampage  .   E - +0 pair of gloves
Will    .....                   (no boots)
Stlth   +.........              (no amulet)
HPRegen 0.13/turn               u - +6 ring of intelligence
MPRegen 0.09/turn               B - ring of see invisible

@: corroded
A: no striking features
a: Renounce Religion, Smiting


You were on level 4 of the Dungeon.
You worshipped Beogh.
Beogh was pleased with you.
You visited 1 branch of the dungeon, and saw 4 of its levels.

You collected 82 gold pieces.

Inventory:

Hand Weapons
 a - a +0 hand axe (weapon)
 d - a +0 mace
 g - a +0 short sword
 i - a +0 club
 k - a +0 quarterstaff
 l - a +0 dagger
 m - a +0 dagger
 p - a +0 dagger
 t - a +0 dagger
 x - a +0 dagger
Missiles
 j - 3 boomerangs (quivered)
 y - 23 stones
Armour
 b - a +0 robe
 e - a +0 leather armour
 n - a +0 cloak
 s - a +0 ring mail (worn)
 w - a +0 ring mail
 D - a +0 robe
 E - a +0 pair of gloves (worn)
Jewellery
 u - a +6 ring of intelligence (left hand)
 B - a ring of see invisible (right hand)
Wands
 C - a wand of roots (6)
Scrolls
 h - 2 scrolls of identify {unknown}
 o - 2 scrolls of immolation {unknown}
 v - a scroll of fear {unknown}
Potions
 c - a potion of ambrosia
 f - 2 potions of curing {unknown}
 q - 2 potions of flight {unknown}
 r - a potion of resistance {unknown}
 z - a potion of mutation {unknown}
 A - a potion of berserk rage {unknown}
 F - a potion of haste {unknown}


   Skills:
 * Level 4.5 Fighting
 + Level 4.7 Axes
 + Level 0.1 Throwing
 + Level 1.6 Armour
 + Level 2.6 Dodging
 - Level 1.5 Stealth


You had 3 spell levels left.
You didn't know any spells.
Your spell library contained the following spells:

 Spells                   Type           Power      Damage    Failure   Level
 Magic Dart               Conj           0%         1d3       43%         1
 Call Imp                 Summ           0%         N/A       58%         2
 Static Discharge         Conj/Air       0%         3-3/arc   58%         2
 Mephitic Cloud           Conj/Pois/Air  0%         N/A       82%         3
 Lightning Bolt           Conj/Air       0%         1d11      100%        5
 Maxwell's Capacitive Co  Air            0%         ∞         100%        8


Dungeon Overview and Level Annotations

Branches:
Dungeon (4/15)
 Temple: D:4-7

Altars:

Annotations:
D:2 Sigmund
D:3 2 transporters


Message History

You closely miss the hobgoblin.
The hobgoblin is moderately wounded.
You hit the jelly.
Your hands burn!
You hit the kobold.
You kill the kobold!
Beogh accepts your kill.
The hobgoblin hits you but does no damage.
The jelly hits you but does no damage.
Unknown command.
You barely miss the hobgoblin.
The hobgoblin is moderately wounded.
You hit the jelly but do no damage.
Your hands burn!
You hit the ogre. The ogre hits you but does no damage.
The hobgoblin hits you but does no damage.
The jelly hits you but does no damage.
You hit the hobgoblin.
You kill the hobgoblin!
Beogh accepts your kill.
You hit the jelly.
Your hands burn!
You hit the ogre.
The jelly jiggles.
The jelly hits you. The acid corrodes you!
You are splashed with acid!
The ogre barely misses you.
Found a fuming sapphire potion.
A ball python comes into view.
The jelly attacks as you move away! The jelly barely misses you.
The ball python hisses angrily.
The jelly attacks as you move away! The jelly hits you.
You are splashed with acid!
* * * LOW HITPOINT WARNING * * *
A white imp comes into view.
The white imp shouts, "Scamper home, thou odious half-faced minnow reeky!"
The white imp gestures at you. The puff of frost hits you.
* * * LOW HITPOINT WARNING * * *
The jelly attacks as you move away! The jelly misses you.
The jelly attacks as you move away! The jelly completely misses you.
You are no longer corroded.
The jelly attacks as you move away! The jelly hits you.
* * * LOW HITPOINT WARNING * * *
The acid corrodes you!
You are splashed with acid!
You die...

.# ........#####)#. # .# #
#........÷.<. #. #.#.
#######...)........
#.####.###.............##.##
#.......#...###........##.##
#...#.....#............##.#.
#..###.O5###........#..##.#O
#!.#..#.S#.................
#..5S###.J@###...#.#.J##.##
#.#.## ##.## #...#.#..##.#
#..O.###...###.###.#..##.##
#..#..#..#.................
#.###...###............#.<.
#..#..#..#..#.!####.#.....#
#....##...)##..# #.##.##.#
#.#####.#####..# #.# .# # #.
#.# #..# #.# .#


You could see an ogre, a jelly, a white imp and a ball python.

Vanquished Creatures
  An adder (D:4)
  A worm (D:2)
  An orc (D:3)
  3 ball pythons (D:3)
  5 endoplasms
  3 giant cockroaches
  7 goblins
  4 hobgoblins
  4 jackals (D:1)
  2 kobolds
  3 quokkas
  A bat (D:2)
  A frilled lizard (D:2)
  3 rats
39 creatures vanquished.

Vanquished Creatures (others)
  An orc (D:4)
  A hobgoblin (D:4)
  A quokka (D:4)
  8 plants (D:3)
11 creatures vanquished.

Grand Total: 50 creatures vanquished

Notes
Turn   | Place    | Note
-------+----------+-------------------------------------------
     0 | D:1      | gzilladon the Hill Orc Monk began the quest for the Orb.
     0 | D:1      | Reached XP level 1. HP: 19/19 MP: 1/1
   311 | D:2      | Reached XP level 2. HP: 25/27 MP: 2/2
   354 | D:3      | Found a faded altar of an unknown god.
   814 | D:3      | Found a transporter.
   815 | D:3      | Noticed an electric eel
   816 | D:3      | Noticed an electric eel
  1159 | D:3      | Reached XP level 3. HP: 33/33 MP: 3/3
  1190 | D:3      | Reached skill level 1 in Armour
  1253 | D:3      | Found a transporter.
  1611 | D:4      | Became a worshipper of Beogh the Brigand
  1611 | D:4      | Reached * piety under Beogh
  1611 | D:4      | Reached ** piety under Beogh
  2352 | D:2      | Noticed Sigmund
  3089 | D:4      | Reached XP level 4. HP: 40/41 MP: 4/4
  3096 | D:4      | Noticed an ogre
  3161 | D:4      | Splashed by a jelly's acid

Illustrated notes

Levels and vault maps discovered:
D:1:      wander_arrival_desolate, layout_rooms, wad_floor_pattern_untrapped
D:2:      mumra_celtic_spiral_tile, layout_basic, dk_noncrumbling_4,
          uniq_sigmund
D:3:      gammafunk_steamed_eel, layout_loops_ring, serial_forest,
          infiniplex_forest_clump_large, infiniplex_forest_3_way,
          infiniplex_forest_straight_4, infiniplex_forest_clump_diagonal,
          infiniplex_forest_join, infiniplex_forest_zigzag_1,
          infiniplex_forest_clump_tiny, basic_ecumenical_altar,
          nrook_mini_vaults
D:4:      layout_loops_ring, minmay_strange_pillars, lemuel_flame_loot_1

Skill      XL: |  1  2  3 |
---------------+----------+-----
Fighting       | 4 |  4.5
Armour         | 1 |  1.6
Axes           | |  4.7
Throwing       | |  0.1
Dodging        | |  2.6
Stealth        | |  1.5

Action                   |  1- 3 |  4- 6 || total
-------------------------+-------+-------++-------
Melee: Hand axe          |   241 |     6 ||   247
       Punch             |     4 |       ||     4
Throw: Boomerang         |     4 |       ||     4
Invok: Convert to Beogh  |     1 |       ||     1
 Stab: Sleeping          |     2 |       ||     2
Armor: Leather armour    |    12 |       ||    12
       Robe              |     1 |       ||     1
       Ring mail         |    23 |     6 ||    29
Dodge: Dodged            |    90 |     8 ||    98
